General information
- name: BNet
- type: Ladder team game (AT/RT)
- host: Battle.net
- saver: Ineedslaves
map: Deadlock
- players: 8
- length: 51:35
- speed: Fast
- version: 1.27 W3XP
- replay type: Public
» download(302 KB)
Players
team 1 (loser)

»
good.old.days (
orange | 68 APM | 2712 actions | 40:09)
7 Mountain King
3 Storm Bolt
3 Bash
1 Avatar
5 Paladin
3 Holy Light
2 Devotion Aura
4 Blood Mage
2 Flame Strike
2 Siphon Mana
» actions
| Assign group hotkey | 44 | |
| Basic commands | 101 | |
| Build / train | 129 | |
| Enter build submenu | 39 | |
| Enter hero's abilities submenu | 16 | |
| Give item / drop item | 1 | |
| Remove unit from queue | 4 | |
| Right click | 945 | |
| Select / deselect | 442 | |
| Select group hotkey | 865 | |
| Use ability | 126 | |
2712 total
» units
| Peasant | 31 | |
| Footman | 10 | |
| Gryphon Rider | 8 | |
| Knight | 2 | |
| Dragonhawk Rider | 3 | |
| Siege Engine | 4 | |
| Flying Machine | 6 | |
64 total
» upgrades
| Defend | 1 | |
| Lumber Harvesting | 1 | |
| Swords | 3 | |
| Armor | 3 | |
| Storm Hammers | 1 | |
| Animal War Training | 1 | |
| Cloud | 1 | |
| Barrage | 1 | |
| Flak Cannons | 1 | |
13 total
» buildings
| Altar of Kings | 1 | |
| Farm | 15 | |
| Barracks | 1 | |
| Arcane Vault | 2 | |
| Lumber Mill | 2 | |
| Keep | 0 | |
| Town Hall | 2 | |
| Scout Tower | 8 | |
| Guard Tower | 6 | |
| Castle | 1 | |
| Blacksmith | 2 | |
| Gryphon Aviary | 3 | |
| Arcane Tower | 2 | |
| Workshop | 2 | |
47 total
» build order
00:22 Altar of Kings
00:38 Farm
00:39 Farm
00:53 Barracks
01:38 Arcane Vault
02:14 Lumber Mill
02:49 Farm
03:29 Farm
03:53 Keep
04:25 Town Hall
04:28 Scout Tower
04:30 Scout Tower
04:31 Scout Tower
04:35 Scout Tower
05:02 Farm
05:35 Farm
05:55 Guard Tower
07:07 Castle
07:34 Blacksmith
09:03 Gryphon Aviary
09:06 Gryphon Aviary
09:15 Gryphon Aviary
09:34 Farm
09:35 Farm
09:35 Farm
12:08 Arcane Vault
13:05 Scout Tower
13:28 Lumber Mill
13:31 Arcane Tower
14:26 Farm
16:54 Blacksmith
17:30 Scout Tower
17:46 Keep
17:55 Guard Tower
17:56 Guard Tower
18:02 Scout Tower
18:11 Guard Tower
18:16 Scout Tower
18:25 Guard Tower
19:11 Farm
20:36 Workshop
21:55 Workshop
23:31 Farm
23:36 Farm
29:01 Town Hall
33:17 Farm
33:21 Farm
» items
| Scroll of Regeneration | 3 | |
| Lesser Clarity Potion | 1 | |
| Scroll of Town Portal | 4 | |
| Potion of Healing | 1 | |
| Boots of Speed | 1 | |
| Dust of Appearance | 1 | |
| Potion of Lesser Invulnerability | 1 | |
| Orb of Fire | 1 | |
13 total

»
nadlei (
yellow | 65 APM | 3357 actions | 51:33)
5 Mountain King
3 Storm Bolt
2 Bash
4 Paladin
2 Holy Light
1 Divine Shield
1 Devotion Aura
» actions
| Assign group hotkey | 77 | |
| Basic commands | 73 | |
| Build / train | 115 | |
| Enter build submenu | 29 | |
| Enter hero's abilities submenu | 9 | |
| Remove unit from queue | 2 | |
| Right click | 1491 | |
| Select / deselect | 369 | |
| Select group hotkey | 1028 | |
| Use ability | 164 | |
3357 total
» units
| Peasant | 16 | |
| Footman | 8 | |
| Rifleman | 12 | |
| Sorceress | 10 | |
| Dragonhawk Rider | 9 | |
| Gryphon Rider | 8 | |
63 total
» upgrades
| Masonry | 1 | |
| Sorceress Training | 2 | |
| Lumber Harvesting | 1 | |
| Gunpowder | 1 | |
| Armor | 2 | |
| Swords | 2 | |
| Animal War Training | 1 | |
| Cloud | 1 | |
| Storm Hammers | 1 | |
12 total
» buildings
| Altar of Kings | 3 | |
| Farm | 13 | |
| Barracks | 1 | |
| Lumber Mill | 1 | |
| Arcane Vault | 1 | |
| Town Hall | 3 | |
| Keep | 1 | |
| Blacksmith | 1 | |
| Scout Tower | 10 | |
| Guard Tower | 3 | |
| Arcane Tower | 2 | |
| Arcane Sanctum | 1 | |
| Gryphon Aviary | 2 | |
| Castle | 1 | |
43 total
» build order
00:11 Altar of Kings
00:19 Farm
01:14 Barracks
01:22 Farm
01:34 Lumber Mill
01:38 Arcane Vault
01:59 Farm
02:01 Farm
04:28 Town Hall
05:44 Keep
05:52 Blacksmith
06:04 Scout Tower
06:06 Scout Tower
06:07 Scout Tower
06:08 Scout Tower
06:09 Scout Tower
06:09 Scout Tower
06:17 Scout Tower
06:18 Scout Tower
06:19 Scout Tower
06:21 Scout Tower
07:05 Guard Tower
07:18 Arcane Tower
07:26 Arcane Tower
07:36 Guard Tower
07:52 Guard Tower
08:53 Arcane Sanctum
08:58 Gryphon Aviary
09:03 Farm
09:04 Farm
09:06 Farm
10:38 Farm
10:40 Gryphon Aviary
12:21 Castle
13:27 Farm
13:27 Farm
13:28 Farm
13:39 Farm
19:47 Farm
27:50 Town Hall
34:12 Altar of Kings
36:45 Altar of Kings
37:10 Town Hall
» items
| Scroll of Regeneration | 3 | |
| Lesser Clarity Potion | 1 | |
| Potion of Lesser Invulnerability | 2 | |
| Periapt of Vitality | 1 | |
| Scroll of Town Portal | 2 | |
| Scroll of Healing | 2 | |
| Scroll of Protection | 2 | |
| Orb of Fire | 1 | |
| Potion of Healing | 2 | |
16 total
Guilly (
pink | 41 APM | 1665 actions | 40:16)
6 Mountain King
3 Storm Bolt
1 Thunder Clap
1 Bash
1 Avatar
» actions
| Assign group hotkey | 4 | |
| Basic commands | 5 | |
| Build / train | 145 | |
| Enter build submenu | 42 | |
| Enter hero's abilities submenu | 6 | |
| Right click | 903 | |
| Select / deselect | 466 | |
| Select group hotkey | 2 | |
| Use ability | 92 | |
1665 total
» units
| Peasant | 29 | |
| Footman | 7 | |
| Rifleman | 10 | |
| Centaur Outrunner | 1 | |
| Harpy Rogue | 1 | |
| Gryphon Rider | 13 | |
| Flying Machine | 18 | |
| Dragonhawk Rider | 4 | |
| Mortar Team | 1 | |
84 total
» upgrades
| Swords | 2 | |
| Plating | 2 | |
| Gunpowder | 2 | |
| Long Rifles | 1 | |
| Lumber Harvesting | 2 | |
| Masonry | 3 | |
| Storm Hammers | 1 | |
| Armor | 2 | |
| Flak Cannons | 1 | |
16 total
» buildings
| Farm | 15 | |
| Altar of Kings | 1 | |
| Barracks | 1 | |
| Lumber Mill | 2 | |
| Blacksmith | 1 | |
| Scout Tower | 19 | |
| Arcane Tower | 4 | |
| Arcane Vault | 2 | |
| Guard Tower | 11 | |
| Keep | 4 | |
| Town Hall | 5 | |
| Gryphon Aviary | 2 | |
| Castle | 2 | |
| Workshop | 3 | |
72 total
» build order
00:11 Farm
00:13 Farm
00:22 Altar of Kings
00:39 Barracks
01:11 Lumber Mill
01:29 Farm
02:23 Blacksmith
02:31 Scout Tower
02:34 Scout Tower
02:36 Farm
03:22 Arcane Tower
03:32 Farm
03:57 Arcane Vault
03:59 Guard Tower
04:09 Keep
06:38 Town Hall
08:07 Gryphon Aviary
08:08 Gryphon Aviary
08:12 Scout Tower
09:37 Scout Tower
09:45 Scout Tower
09:46 Scout Tower
09:48 Farm
09:50 Farm
10:23 Guard Tower
10:25 Castle
10:31 Arcane Vault
12:53 Farm
13:33 Guard Tower
14:32 Scout Tower
14:34 Scout Tower
14:35 Scout Tower
14:37 Scout Tower
14:40 Farm
14:41 Farm
14:42 Farm
16:26 Guard Tower
16:37 Guard Tower
18:18 Arcane Tower
18:19 Arcane Tower
18:21 Guard Tower
19:11 Workshop
19:13 Workshop
20:35 Workshop
20:52 Scout Tower
20:54 Scout Tower
21:54 Scout Tower
21:57 Scout Tower
22:29 Arcane Tower
23:03 Keep
23:49 Guard Tower
26:33 Castle
26:57 Lumber Mill
28:01 Town Hall
29:34 Scout Tower
29:35 Scout Tower
29:37 Scout Tower
29:38 Scout Tower
29:59 Farm
30:03 Farm
30:05 Farm
30:07 Farm
31:18 Guard Tower
32:37 Keep
35:01 Town Hall
35:06 Guard Tower
36:32 Town Hall
38:35 Scout Tower
39:14 Keep
39:19 Guard Tower
39:22 Town Hall
» items
| Scroll of Regeneration | 2 | |
| Lesser Clarity Potion | 1 | |
| Periapt of Vitality | 7 | |
10 total
EyeOfTheTiger (
purple | 49 APM | 2530 actions | 51:33)
7 Archmage
3 Summon Water Elemental
3 Brilliance Aura
1 Mass Teleport
» actions
| Assign group hotkey | 47 | |
| Basic commands | 437 | |
| Build / train | 100 | |
| Enter build submenu | 69 | |
| Enter hero's abilities submenu | 8 | |
| Give item / drop item | 6 | |
| Right click | 786 | |
| Select / deselect | 516 | |
| Select group hotkey | 323 | |
| Use ability | 238 | |
2530 total
» units
| Peasant | 20 | |
| Footman | 5 | |
| Gryphon Rider | 14 | |
39 total
» upgrades
| Masonry | 3 | |
| Lumber Harvesting | 2 | |
| Storm Hammers | 1 | |
| Swords | 3 | |
| Armor | 3 | |
| Animal War Training | 1 | |
| Cloud | 1 | |
14 total
» buildings
| Altar of Kings | 1 | |
| Barracks | 1 | |
| Farm | 14 | |
| Scout Tower | 40 | |
| Arcane Tower | 1 | |
| Keep | 1 | |
| Lumber Mill | 4 | |
| Town Hall | 2 | |
| Guard Tower | 17 | |
| Castle | 1 | |
| Arcane Vault | 1 | |
| Gryphon Aviary | 10 | |
| Blacksmith | 2 | |
95 total
» build order
00:48 Altar of Kings
00:50 Barracks
00:53 Farm
01:06 Farm
01:08 Farm
01:46 Farm
02:42 Scout Tower
03:10 Arcane Tower
03:30 Keep
04:08 Lumber Mill
04:47 Town Hall
04:49 Scout Tower
04:49 Scout Tower
04:50 Scout Tower
04:51 Scout Tower
05:26 Guard Tower
05:28 Guard Tower
06:01 Castle
06:22 Guard Tower
06:41 Arcane Vault
07:03 Scout Tower
07:03 Scout Tower
07:04 Scout Tower
07:04 Scout Tower
07:06 Scout Tower
08:03 Guard Tower
08:08 Farm
08:10 Farm
08:46 Gryphon Aviary
08:47 Gryphon Aviary
08:48 Gryphon Aviary
09:12 Gryphon Aviary
09:15 Blacksmith
09:30 Blacksmith
11:31 Scout Tower
11:31 Scout Tower
11:32 Scout Tower
11:32 Scout Tower
11:34 Scout Tower
11:34 Scout Tower
11:35 Scout Tower
11:36 Scout Tower
13:12 Guard Tower
13:14 Guard Tower
13:17 Guard Tower
13:19 Guard Tower
13:38 Guard Tower
13:39 Guard Tower
13:40 Guard Tower
13:43 Guard Tower
14:55 Lumber Mill
19:14 Town Hall
19:19 Scout Tower
19:20 Scout Tower
19:20 Scout Tower
19:20 Scout Tower
19:22 Scout Tower
19:22 Scout Tower
19:23 Scout Tower
19:23 Scout Tower
20:02 Guard Tower
22:01 Lumber Mill
22:25 Farm
22:26 Farm
22:26 Farm
22:27 Farm
22:35 Scout Tower
22:36 Scout Tower
22:37 Scout Tower
22:38 Scout Tower
22:40 Scout Tower
22:42 Scout Tower
22:42 Scout Tower
22:52 Lumber Mill
23:33 Guard Tower
23:34 Guard Tower
26:18 Guard Tower
34:55 Scout Tower
34:55 Scout Tower
34:55 Scout Tower
34:56 Scout Tower
34:56 Scout Tower
34:56 Scout Tower
34:57 Scout Tower
35:30 Farm
35:31 Farm
36:54 Guard Tower
36:56 Gryphon Aviary
36:56 Gryphon Aviary
36:56 Gryphon Aviary
36:56 Gryphon Aviary
36:57 Gryphon Aviary
36:57 Gryphon Aviary
49:06 Farm
» items
| Scroll of Town Portal | 4 | |
| Mechanical Critter | 2 | |
| Periapt of Vitality | 1 | |
| Staff of Teleportation | 2 | |
| Potion of Lesser Invulnerability | 1 | |
| Scroll of Regeneration | 4 | |
| Staff of Sanctuary | 3 | |
| Potion of Healing | 2 | |
19 total
team 2 (winner)

»
vivaelcanadien (
red | 29 APM | 711 actions | 24:51)
4 Paladin
2 Holy Light
1 Divine Shield
1 Devotion Aura
» actions
| Basic commands | 32 | |
| Build / train | 71 | |
| Enter build submenu | 22 | |
| Enter hero's abilities submenu | 4 | |
| Remove unit from queue | 1 | |
| Right click | 216 | |
| Select / deselect | 282 | |
| Use ability | 83 | |
711 total
» units
| Peasant | 23 | |
| Footman | 9 | |
| Knight | 15 | |
47 total
» upgrades
| Defend | 1 | |
| Lumber Harvesting | 1 | |
| Animal War Training | 1 | |
| Swords | 2 | |
| Plating | 1 | |
6 total
» buildings
| Altar of Kings | 1 | |
| Barracks | 3 | |
| Farm | 11 | |
| Keep | 1 | |
| Town Hall | 3 | |
| Lumber Mill | 1 | |
| Arcane Vault | 1 | |
| Castle | 1 | |
| Blacksmith | 1 | |
23 total
» build order
00:10 Altar of Kings
00:14 Barracks
00:23 Farm
00:59 Farm
01:38 Farm
02:21 Farm
03:22 Farm
04:24 Keep
06:01 Town Hall
06:10 Lumber Mill
07:03 Arcane Vault
07:08 Castle
07:13 Barracks
07:47 Farm
08:15 Blacksmith
09:13 Farm
13:21 Town Hall
15:01 Town Hall
17:58 Barracks
18:37 Farm
18:58 Farm
19:22 Farm
19:42 Farm
» items
| Scroll of Town Portal | 3 | |
| Scroll of Regeneration | 3 | |
| Lesser Clarity Potion | 1 | |
| Orb of Fire | 1 | |
| Potion of Healing | 1 | |
| Potion of Mana | 1 | |
10 total

»
noneedforcheats (
teal | 42 APM | 797 actions | 19:10)
3 Death Knight
1 Death Coil
2 Unholy Aura
2 Crypt Lord
1 Carrion Beetles
1 Spiked Carapace
1 Dreadlord
1 Vampiric Aura
» actions
| Basic commands | 123 | |
| Build / train | 46 | |
| Enter build submenu | 18 | |
| Enter hero's abilities submenu | 6 | |
| Give item / drop item | 1 | |
| Right click | 277 | |
| Select / deselect | 260 | |
| Use ability | 66 | |
797 total
» units
| Acolyte | 8 | |
| Ghoul | 3 | |
| Crypt Fiend | 10 | |
| Frost Wyrm | 2 | |
23 total
» upgrades
| Creature Attack | 2 | |
| Creature Carapace | 2 | |
| Web | 1 | |
5 total
» buildings
| Ziggurat | 9 | |
| Altar of Darkness | 1 | |
| Crypt | 1 | |
| Graveyard | 1 | |
| Tomb of Relics | 1 | |
| Nerubian Tower | 1 | |
| Spirit Tower | 3 | |
| Halls of the Dead | 1 | |
| Black Citadel | 1 | |
| Sacrificial Pit | 1 | |
| Boneyard | 2 | |
22 total
» build order
00:10 Ziggurat
00:17 Altar of Darkness
00:37 Crypt
01:00 Graveyard
01:14 Tomb of Relics
01:30 Ziggurat
01:40 Nerubian Tower
03:06 Spirit Tower
04:00 Halls of the Dead
04:31 Ziggurat
05:41 Ziggurat
08:53 Black Citadel
08:59 Sacrificial Pit
11:48 Boneyard
12:08 Ziggurat
12:12 Ziggurat
12:14 Ziggurat
12:18 Ziggurat
12:26 Boneyard
13:16 Spirit Tower
14:27 Ziggurat
15:02 Spirit Tower
» items
| Rod of Necromancy | 1 | |
| Scroll of Town Portal | 2 | |
3 total
Ineedslaves (
green | 94 APM | 4830 actions | 51:35)
10 Blademaster
3 Wind Walk
3 Critical Strike
1 Bladestorm
3 Mirror Image
» actions
| Assign group hotkey | 130 | |
| Basic commands | 49 | |
| Build / train | 149 | |
| ESC pressed | 4 | |
| Enter build submenu | 76 | |
| Enter hero's abilities submenu | 10 | |
| Give item / drop item | 4 | |
| Right click | 2382 | |
| Select / deselect | 522 | |
| Select group hotkey | 1078 | |
| Use ability | 426 | |
4830 total
» units
| Peon | 23 | |
| Grunt | 5 | |
| Troll Batrider | 10 | |
| Wind Rider | 9 | |
| Peasant | 5 | |
52 total
» upgrades
| Melee Weapons | 2 | |
| Pillage | 1 | |
| Berserker Strength | 1 | |
| Armor | 3 | |
| Reinforced Defenses | 1 | |
| Spiked Barricades | 2 | |
| Troll Regeneration | 1 | |
| Ranged Weapons | 3 | |
| Envenomed Spears | 1 | |
| Liquid Fire | 1 | |
| Masonry | 2 | |
| Ensnare | 1 | |
19 total
» buildings
| Orc Burrow | 12 | |
| Barracks | 1 | |
| Altar of Storms | 2 | |
| Voodoo Lounge | 2 | |
| Stronghold | 6 | |
| Great Hall | 6 | |
| War Mill | 2 | |
| Watch Tower | 36 | |
| Fortress | 5 | |
| Beastiary | 3 | |
| Scout Tower | 5 | |
80 total
» build order
00:13 Orc Burrow
01:27 Barracks
01:29 Altar of Storms
01:33 Orc Burrow
02:13 Voodoo Lounge
03:06 Orc Burrow
05:07 Stronghold
05:07 Stronghold
05:45 Great Hall
06:06 War Mill
07:25 Watch Tower
07:25 Watch Tower
07:26 Watch Tower
08:52 Watch Tower
08:52 Watch Tower
08:53 Watch Tower
08:56 Watch Tower
08:57 Watch Tower
08:59 Watch Tower
09:02 Watch Tower
09:09 Fortress
09:57 Watch Tower
09:59 Watch Tower
10:09 Watch Tower
11:27 Beastiary
11:29 Beastiary
12:18 Beastiary
12:21 Watch Tower
12:24 Watch Tower
12:27 Watch Tower
13:22 Great Hall
13:46 Great Hall
13:55 Watch Tower
13:57 Watch Tower
13:58 Watch Tower
14:02 Watch Tower
14:03 Watch Tower
14:47 Orc Burrow
14:48 Orc Burrow
15:49 Watch Tower
19:56 Orc Burrow
24:04 Watch Tower
24:08 Watch Tower
24:09 Watch Tower
26:24 Voodoo Lounge
29:10 Great Hall
29:23 Watch Tower
29:24 Watch Tower
29:31 Watch Tower
30:20 Watch Tower
34:19 Watch Tower
34:20 Watch Tower
34:29 Watch Tower
34:30 Watch Tower
34:32 Watch Tower
34:42 Watch Tower
34:44 Watch Tower
39:11 Orc Burrow
39:21 War Mill
41:16 Altar of Storms
42:03 Great Hall
42:22 Scout Tower
42:24 Scout Tower
42:25 Scout Tower
42:27 Scout Tower
42:29 Scout Tower
43:02 Orc Burrow
43:21 Orc Burrow
43:35 Orc Burrow
43:49 Orc Burrow
43:51 Orc Burrow
45:46 Stronghold
45:46 Stronghold
45:47 Stronghold
50:19 Great Hall
51:04 Fortress
51:05 Fortress
» items
| Healing Salve | 7 | |
| Lesser Clarity Potion | 9 | |
| Scroll of Town Portal | 7 | |
| Potion of Mana | 5 | |
| Orb of Lightning | 1 | |
| Potion of Healing | 2 | |
| Scroll of Healing | 1 | |
| Periapt of Vitality | 1 | |
| Tiny Great Hall | 1 | |
34 total
Karkaroff (
blue | 63 APM | 1366 actions | 21:44)
3 Paladin
1 Holy Light
1 Devotion Aura
1 Divine Shield
» actions
| Assign group hotkey | 25 | |
| Basic commands | 2 | |
| Build / train | 80 | |
| Enter build submenu | 28 | |
| Enter hero's abilities submenu | 3 | |
| Remove unit from queue | 6 | |
| Right click | 475 | |
| Select / deselect | 355 | |
| Select group hotkey | 334 | |
| Use ability | 57 | |
1366 total
» units
| Peasant | 28 | |
| Rifleman | 10 | |
| Mortar Team | 5 | |
| Siege Engine | 8 | |
51 total
» upgrades
| Gunpowder | 3 | |
| Armor | 1 | |
| Long Rifles | 1 | |
| Flare | 1 | |
| Barrage | 1 | |
| Plating | 1 | |
8 total
» buildings
| Altar of Kings | 1 | |
| Farm | 12 | |
| Blacksmith | 1 | |
| Barracks | 2 | |
| Lumber Mill | 2 | |
| Scout Tower | 18 | |
| Guard Tower | 8 | |
| Town Hall | 2 | |
| Keep | 1 | |
| Arcane Vault | 1 | |
| Workshop | 3 | |
| Castle | 1 | |
52 total
» build order
00:54 Altar of Kings
01:11 Farm
01:26 Farm
01:40 Blacksmith
01:49 Barracks
02:10 Barracks
02:15 Lumber Mill
02:24 Scout Tower
02:25 Scout Tower
02:33 Farm
03:05 Farm
03:12 Farm
03:22 Guard Tower
03:53 Guard Tower
04:11 Guard Tower
05:21 Town Hall
05:27 Scout Tower
05:28 Scout Tower
05:29 Scout Tower
05:29 Scout Tower
05:30 Scout Tower
06:09 Guard Tower
06:13 Guard Tower
06:21 Guard Tower
07:04 Guard Tower
08:04 Keep
08:10 Farm
08:10 Farm
08:11 Farm
08:24 Arcane Vault
10:41 Town Hall
10:52 Scout Tower
10:53 Scout Tower
10:55 Scout Tower
10:55 Scout Tower
10:56 Scout Tower
10:58 Scout Tower
12:05 Guard Tower
12:33 Workshop
13:03 Workshop
13:11 Lumber Mill
13:16 Scout Tower
13:17 Scout Tower
13:18 Scout Tower
13:19 Scout Tower
13:28 Castle
14:22 Farm
14:29 Guard Tower
15:20 Farm
16:43 Workshop
18:14 Farm
19:08 Farm
» items
Chat log
(00:06 / All) Ineedslaves: I NEED SLAVES
(00:09 / All) Ineedslaves: I NEED MORE HEALING SLAVES!
(00:34 / All) EyeOfTheTiger: Would you like to peruse my slaves on the block today? I have fine Greek physicians
(00:47 / All) Ineedslaves: I need the finest Greek healing slave you got
(00:54 / All) Ineedslaves: and I'll take them all if you're up for selling
(00:57 / All) Ineedslaves: I NEED HEALING SLAVES
(01:04 / All) EyeOfTheTiger: That would be Helio Abraxas
(01:21 / All) Ineedslaves: how much
(01:30 / All) EyeOfTheTiger: One of the finest physicians of Corinthia
(01:39 / All) EyeOfTheTiger: 10 chicken mcnuggies
(01:56 / All) Ineedslaves: I'll give 10 if he's that good
(02:05 / All) Ineedslaves: or 20 for two low quality healing slaves in addition
(02:06 / All) EyeOfTheTiger: You will not regret your purchase, sir
(02:30 / All) EyeOfTheTiger: I have some kinky haired Negros from Ethiopia
(02:43 / All) Ineedslaves: do they even know how to properly heal
(02:46 / All) Ineedslaves: or is it just voodoo healing
(02:56 / All) EyeOfTheTiger: They know some rudimentary things
(05:48 / Allies) vivaelcanadien: fuck you green
(05:52 / Allies) Ineedslaves: I was headed there first homo
(05:55 / Allies) Ineedslaves: you took the inside expo
(06:00 / Allies) Ineedslaves: the only one being a fag is you
(06:27 / Allies) noneedforcheats: team game?
(08:10 / Allies) noneedforcheats: ty
(10:03 / Allies) Karkaroff: GO TEAL
(10:08 / Allies) noneedforcheats: nothing there
(10:10 / Allies) noneedforcheats: but ok
(10:21 / Allies) Ineedslaves: mass gryphs
(11:15 / Allies) Karkaroff: tealllllll
(11:50 / Allies) vivaelcanadien: help
(12:55 / Allies) vivaelcanadien: gold plz
(13:35 / Allies) vivaelcanadien: ty
(13:36 / Allies) Ineedslaves: fag lol
(13:39 / Allies) Ineedslaves: I was heading a peon there first
(13:42 / Allies) Ineedslaves: and you steal it again
(13:53 / Allies) vivaelcanadien: you have expo
(14:00 / Allies) Ineedslaves: maybe I'd like a 2nd
(14:01 / Allies) vivaelcanadien: really?
(14:34 / Allies) vivaelcanadien: green you have 2 expo
(14:37 / Allies) Ineedslaves: yep
(14:41 / Allies) vivaelcanadien: gold plz blue
(14:45 / Allies) vivaelcanadien: i need one
(14:51 / Allies) Ineedslaves: get bot mid
(15:05 / Allies) noneedforcheats: fawk
(15:10 / Allies) vivaelcanadien: tp
(15:25 / Allies) vivaelcanadien: go
(15:47 / Allies) noneedforcheats: gg
(15:52 / Allies) vivaelcanadien: green
(16:06 / Allies) Karkaroff: green you noob
(16:09 / Allies) Ineedslaves: lol
(16:12 / Allies) Ineedslaves: done more than you all game with a bm
(16:31 / Allies) vivaelcanadien: noob
(16:35 / All) good.old.days: gj green
(16:39 / All) Ineedslaves: thanks
(16:45 / All) Ineedslaves: ready to be 74-65?
(16:51 / All) Ineedslaves: one more loss on your barely above 50% record
(17:08 / All) good.old.days: yeah your pro
(17:13 / All) Ineedslaves: I know
(17:14 / All) Karkaroff: green noob
(17:15 / Allies) noneedforcheats: well that sucked
(17:22 / All) Guilly: noob green
(17:26 / All) Guilly: you lose!
(17:27 / All) noneedforcheats: agreed
(17:30 / All) Ineedslaves: You lose pink
(18:32 / Allies) noneedforcheats: always one degenerate.
(18:36 / Allies) Ineedslaves: it's red
(18:40 / Allies) Ineedslaves: for stealing my fucking expo
(19:07 / Allies) noneedforcheats: who else would serve us food at del taco.....got to have degenerates.
(19:12 / Allies) Ineedslaves: lol
(19:27 / All) nadlei: lets hit green
(19:32 / All) Ineedslaves: you'll lose every unit
(19:36 / All) Ineedslaves: don't for your own good lol
(21:02 / Allies) Karkaroff: moveee red
(23:09 / Allies) Ineedslaves: retard
(23:28 / Allies) Ineedslaves: why you gotta be a pain in my ass all game you fucking subhuman retard
(24:54 / All) Ineedslaves: out
(25:49 / All) Ineedslaves: out
(25:50 / All) Ineedslaves: trash
(26:19 / All) Ineedslaves: you can leave
(28:31 / All) Ineedslaves: out
(28:48 / All) EyeOfTheTiger: yellow is a LUMBER HOARDER
(30:37 / All) EyeOfTheTiger: wHOOPSIE DAISY
(33:02 / All) EyeOfTheTiger: I HAD NOOB TAEM
(33:04 / All) EyeOfTheTiger: DOn'T SHARE
(33:08 / All) EyeOfTheTiger: GREEDy
(33:13 / All) Ineedslaves: out
(33:15 / All) Ineedslaves: 1v4
(33:16 / All) Ineedslaves: easy win
(40:12 / All) Ineedslaves: out
(40:18 / All) Ineedslaves: easy win
(40:20 / All) Ineedslaves: noobs 1v4
(40:26 / All) nadlei: .l.
(40:32 / All) nadlei: lol green purp is tking here
(40:36 / All) Ineedslaves: gg you can leave gtfo
(40:40 / All) nadlei: ill be afk, have fun killing buildings
(40:41 / All) EyeOfTheTiger: should have gave wood, noob
(40:43 / All) Ineedslaves: gg out noob
(40:51 / All) Ineedslaves: enjoy your loss noob yellow
(40:52 / All) nadlei: have fun purp ;) peacce
(41:10 / All) EyeOfTheTiger: giving you a loss is a great pleasure
(41:19 / All) EyeOfTheTiger: there's nothing I hate more in this world than lumber hoarders
(41:25 / All) EyeOfTheTiger: and greeedy resource hogs
(45:55 / All) EyeOfTheTiger: enjoying watching me destroy every last vestige of your presence within this game?
(46:02 / All) EyeOfTheTiger: because I am enjoying doing it!
(46:04 / All) Ineedslaves: woot ty purp for the easy win
(46:05 / All) EyeOfTheTiger: WOOOOOOOOOOOOOOOOOO
(46:07 / All) Ineedslaves: damn your team sucked
(46:09 / All) EyeOfTheTiger: np
(46:10 / All) nadlei: i cant stop crying
(46:13 / All) EyeOfTheTiger: yellow deserves a lot
(46:14 / All) EyeOfTheTiger: loss
(46:16 / All) Ineedslaves: wow that hurt by it?
(46:17 / All) EyeOfTheTiger: not a team player
(46:22 / All) Ineedslaves: you're shit so you should be
(46:25 / All) EyeOfTheTiger: Yellow is not a nice guy
(46:28 / All) EyeOfTheTiger: Deserves to lose
(46:30 / All) nadlei: i think im going to suicide
(46:34 / All) EyeOfTheTiger: good
(46:37 / All) Ineedslaves: great
(46:38 / All) nadlei: it so sad. oh
(46:39 / All) Ineedslaves: make the world a better place
(46:49 / All) EyeOfTheTiger: Yellow is not a nice guy, greedy, I don't like him
(47:03 / All) nadlei: oh sir, im so sorry u dont like me
(47:10 / All) nadlei: i cant stop crying
(47:18 / All) EyeOfTheTiger: Go cry somewhere else
(47:21 / All) EyeOfTheTiger: And leave, batty boy
(50:27 / All) EyeOfTheTiger: anything to say for youreslf, punk?
(50:43 / All) EyeOfTheTiger: the moral of the story here of course is BE A TEAM PLAYER
(50:49 / All) EyeOfTheTiger: or go kill yourself, kid!
(51:03 / All) EyeOfTheTiger: Soon you will be below 50%
(51:13 / All) EyeOfTheTiger: I foresee a downhill spiral in your future, kid!
(51:14 / All) nadlei: so sad
(51:20 / All) Ineedslaves: gg trash yellow
(51:24 / All) Ineedslaves: purp only other good player this game
(51:26 / All) nadlei: this game is my life
(51:28 / All) Ineedslaves: I own your whole team noob
(51:29 / All) EyeOfTheTiger: see around, newbie
(51:29 / All) nadlei: oh my god
(51:34 / All) Ineedslaves: gtfo noob